 Dungeon Crawl Stone Soup version 0.22.0 (webtiles) character file.

17897 inmateoo the Martial Artist (level 12, -13/92 HPs)
             Began as a Gnoll Transmuter on Aug 11, 2018.
             Was an Elder of Cheibriados.
             Mangled by a harpy simulacrum (19 damage)
             ... on level 14 of the Dungeon.
             The game lasted 00:32:56 (14079 turns).

inmateoo the Martial Artist (Gnoll Transmuter)     Turns: 14079, Time: 00:32:57

Health: -13/92     AC: 11    Str: 22    XL:     12   Next: 52%
Magic:  19/24      EV: 21    Int: 33    God:    Cheibriados [****..]
Gold:   91         SH:  0    Dex: 27    Spells: 3/28 levels left

rFire    . . .     SeeInvis .     - Unarmed
rCold    . . .     Gourm    .   (shield currently unavailable)
rNeg     . . .     Faith    .   b - +0 robe
rPois    .         Spirit   .   w - +0 helmet
rElec    .         Reflect  .   f - +1 cloak
rCorr    .         Harm     .   (gloves currently unavailable)
MR       ++...                  c - +1 pair of boots
Stlth    ++++......             O - amulet of regeneration
HPRegen  0.65/turn              k - ring of the Mage {Wiz MR++ Int+3}
MPRegen  0.19/turn              v - +3 ring of protection

@: blade hands, very slow
A: distributed training, fangs 1, strong nose
a: End Transformation, Bend Time, Temporal Distortion, Slouch, Renounce Religion


You were on level 14 of the Dungeon.
You worshipped Cheibriados.
Cheibriados was greatly pleased with you.
You were not hungry.
You had blades for hands.
You visited 3 branches of the dungeon, and saw 16 of its levels.

You collected 931 gold pieces.
You spent 840 gold pieces at shops.

Inventory:

Hand Weapons
 H - a +2 whip of electrocution (melded)
Missiles
 a - 153 arrows
 l - 6 javelins
 E - 5 throwing nets (quivered)
Armour
 b - a +0 robe (worn)
 c - a +1 pair of boots (worn)
 f - a +1 cloak (worn)
 w - a +0 helmet (worn)
 Q - a +1 pair of gloves of strength (melded)
Jewellery
 k - the ring of the Mage (left scythe-like blade) {Wiz MR++ Int+3}
   (You bought it in a shop on level 6 of the Dungeon)

   [ring of wizardry]

   It improves your spell success rate.
   It affects your intelligence (+3).
   It affects your resistance to hostile enchantments.
 n - an uncursed ring of fire
 v - a +3 ring of protection (right scythe-like blade)
 F - an uncursed ring of see invisible
 K - a +2 ring of evasion
 M - an uncursed ring of flight
 O - an amulet of regeneration (around neck)
Wands
 q - a wand of flame (20)
 x - a wand of acid (3)
 G - a wand of enslavement (5)
 J - a wand of iceblast (10)
Scrolls
 e - a scroll of amnesia
 h - 4 scrolls of enchant armour
 s - 3 scrolls of teleportation
 y - 7 scrolls of remove curse
 C - 2 scrolls of fear
 I - 2 scrolls of blinking
 P - 5 scrolls of identify
Potions
 g - 3 potions of flight
 i - 2 potions of mutation
 j - 4 potions of agility
 m - 4 potions of curing
 o - 4 potions of heal wounds
 p - 2 potions of resistance
 r - 3 potions of magic
 t - 2 potions of lignification
 z - a potion of cancellation
 A - 3 potions of brilliance
Miscellaneous
 B - a lightning rod (3/4)
 L - a lamp of fire (inert)
Comestibles
 d - 15 rations


   Skills:
 + Level 7.7 Fighting
 + Level 7.2 Short Blades
 + Level 7.2 Long Blades
 + Level 7.2 Axes
 + Level 7.2 Maces & Flails
 + Level 7.2 Polearms
 + Level 7.2 Staves
 + Level 7.2 Slings
 + Level 7.2 Bows
 + Level 7.2 Crossbows
 + Level 7.2 Throwing
 + Level 7.2 Armour
 + Level 8.6 Dodging
 + Level 7.2 Stealth
 + Level 7.2 Shields
 + Level 9.8 Unarmed Combat
 + Level 8.9 Spellcasting
 + Level 6.0 Conjurations
 + Level 6.0 Hexes
 + Level 6.0 Charms
 + Level 6.0 Summonings
 + Level 6.0 Necromancy
 + Level 6.0 Translocations
 + Level 7.2 Transmutations
 + Level 6.0 Fire Magic
 + Level 6.0 Ice Magic
 + Level 6.0 Air Magic
 + Level 6.0 Earth Magic
 + Level 6.0 Poison Magic
 + Level 7.9 Invocations
 + Level 7.2 Evocations


You had 3 spell levels left.
You knew the following spells:

 Your Spells              Type           Power        Failure   Level  Hunger
a - Beastly Appendage     Tmut           ######       3%          1    None
b - Sticks to Snakes      Tmut           ######..     4%          2    None
c - Spider Form           Tmut/Pois      ######....   5%          3    None
d - Ice Form              Ice/Tmut       ######..     9%          4    None
e - Blade Hands           Tmut           ######....   13%         5    ###....
f - Sticky Flame          Conj/Fire      ######..     10%         4    None
g - Apportation           Tloc           ######       4%          1    None
h - Fireball              Conj/Fire      ######....   17%         5    ###....

Your spell library contained the following spells:

 Spells                   Type           Power        Failure   Level  Hunger
 Cause Fear               Hex            ######....   10%         4    None
 Magic Dart               Conj           ####         4%          1    None
 Conjure Flame            Conj/Fire      ######..     6%          3    None
 Confuse                  Hex            ######..     6%          3    None
 Throw Flame              Conj/Fire      ######       4%          2    None
 Summon Small Mammal      Summ           ####         4%          1    None
 Iskenderun's Mystic Bla  Conj           ######..     10%         4    None
 Animate Skeleton         Necr           N/A          4%          1    None
 Summon Ice Beast         Ice/Summ       ######..     10%         4    None
 Call Imp                 Summ           ######..     4%          2    None
 Tukima's Dance           Hex            ######..     6%          3    None
 Summon Demon             Summ           ######....   17%         5    ###....
 Deflect Missiles         Chrm/Air       ######....   45%         6    #####..
 Confusing Touch          Hex            ######       4%          1    None
 Flame Tongue             Conj/Fire      #####        4%          1    None
 Call Canine Familiar     Summ           ######..     6%          3    None
 Ensorcelled Hibernation  Hex/Ice        ######       4%          2    None
 Summon Butterflies       Summ           ######..     4%          1    None
 Silence                  Hex/Air        ######....   17%         5    ###....
 Corona                   Hex            ######.      4%          1    None
 Malign Gateway           Summ/Tloc      ######....   88%         7    ######.
 Summon Hydra             Summ           ######....   88%         7    ######.
 Inner Flame              Hex/Fire       ######..     6%          3    None
 Fulminant Prism          Conj/Hex       ######....   10%         4    None
 Dazzling Spray           Conj/Hex       ######       6%          3    None
 Force Lance              Conj/Tloc      ######..     10%         4    None
 Spectral Weapon          Hex/Chrm       ######..     6%          3    None
 Searing Ray              Conj           ######       4%          2    None
 Discord                  Hex            ######....   100%        8    #######
 Summon Guardian Golem    Hex/Summ       ######..     6%          3    None
 Summon Mana Viper        Hex/Summ       ######..     17%         5    ###....
 Yara's Violent Unravell  Hex/Tmut       ######....   16%         5    ###....


Dungeon Overview and Level Annotations

Branches:
Dungeon (13/15)            Temple (1/1) D:7            Lair (0/6) D:8
    Orc (1/2) D:11
 Vaults: D:13-14

Altars:
Ashenzari
Cheibriados
Dithmenos
Elyvilon
Fedhas
Gozag
Hepliaklqana
Kikubaaqudgha
Makhleb
Nemelex Xobeh
Okawaru
Qazlal
Ru
Sif Muna
Trog
Uskayaw
Vehumet
Wu Jian
Xom
Yredelemnul
Zin
The Shining One
Lugonu

Shops:
D:4 =   D:6 (=}(*   D:9 ?   Orc:1 =

Annotations:
D:14 Rupert


Innate Abilities, Weirdness & Mutations

Your experience applies equally to all skills.
You have very sharp teeth.
Your uncanny sense of smell can sniff out nearby items.


Message History

The komodo dragon is heavily wounded.
The komodo dragon bites you!!
You hit the komodo dragon but do no damage.
You bite the komodo dragon, but do no damage.
The komodo dragon is heavily wounded.
Casting: Fireball (safe; 3% risk of failure)
Confirm with . or Enter, or press ? or * to list all spells.
Your hands turn into razor-sharp scythe blades.
Your +2 whip of electrocution melds into your body.
Your +1 pair of gloves of strength melds into your body.
Your +2 whip of electrocution stops crackling.
You feel weaker. The harpy simulacrum claws you!
* * * LOW HITPOINT WARNING * * *
The harpy simulacrum freezes you!
* * * LOW HITPOINT WARNING * * *
The harpy simulacrum claws you.
* * * LOW HITPOINT WARNING * * *
The harpy simulacrum freezes you!!
You die...

...........###......
#....................
#....................
#....................
#....................
#....................
#....................
#........Z...........
#.......@l...........
#...[................
#...................
#..................
########....####..
#....# .....# ......


You could see a komodo dragon and a harpy simulacrum.

Vanquished Creatures
  Josephine (Orc:1)
  2 two-headed ogres
  3 death yaks (D:8)
  Urug (D:12)
  Pikel (D:7)
  A deep elf mage (D:10)
  2 ugly things (D:11)
  2 cyclopes (D:12)
  3 kobold demonologists (D:12)
  3 trolls
  2 hornets
  3 hippogriffs
  A spriggan (D:10)
  3 wraiths (Orc:1)
  3 wyverns
  4 yaks (D:8)
  Menkaure (D:4)
  A soldier ant (D:12)
  Duvessa (D:7)
  8 orc warriors
  An ice beast (D:11)
  5 sky beasts
  2 black bears
  2 necrophages (D:10)
  3 phantoms
  9 centaurs
  5 ogres
  3 big kobolds
  2 water moccasin zombies
  5 bullfrogs
  Dowan (D:7)
  2 scorpions
  2 wights (D:10)
  An electric eel (D:11)
  A howler monkey (D:10)
  6 crimson imps
  A quasit (D:12)
  A centaur zombie (D:9)
  2 centaur skeletons (D:5)
  20 orc priests
  A gnoll shaman (D:9)
  4 hounds
  2 jellies
  20 orc wizards
  Jessica (D:3)
  An iguana (D:9)
  Terence (D:3)
  5 worker ants
  A killer bee zombie (D:8)
  10 gnolls
  11 adders
  6 shadow imps
  2 adder zombies
  2 adder skeletons
  4 worms
  6 dart slugs
  5 leopard geckos
  63 orcs
  3 ball pythons
  4 bats
  4 giant cockroaches
  4 goblins
  7 hobgoblins
  7 jackals
  10 quokkas
  4 frilled lizards
  11 kobolds
  5 rats
324 creatures vanquished.

Vanquished Creatures (collateral kills)
  Harold (D:7)
  Prince Ribbit (D:9)
  Sigmund (D:4)
  A yak (D:8)
  A wight (D:10)
  A worker ant (D:4)
  An adder (D:3)
  An orc (D:9)
  3 kobolds (D:10)
  A rat (D:3)
12 creatures vanquished.

Vanquished Creatures (others)
  A slave (D:7)
  A crimson imp (D:7)
  A hound (D:7)
3 creatures vanquished.

Grand Total: 339 creatures vanquished

Notes
Turn   | Place    | Note
-------+----------+-------------------------------------------
     0 | D:1      | inmateoo the Gnoll Transmuter began the quest for the Orb.
     0 | D:1      | Reached XP level 1. HP: 17/17 MP: 6/6
   112 | D:1      | Reached XP level 2. HP: 19/23 MP: 7/7
   805 | D:2      | Reached XP level 3. HP: 28/28 MP: 9/9
   834 | D:2      | Reached skill level 5 in Spellcasting
   868 | D:2      | Found an ornate altar of the Wu Jian Council.
  1095 | D:2      | Reached skill level 1 in Invocations
  1180 | D:2      | Learned a level 2 spell: Sticks to Snakes
  1232 | D:2      | Reached skill level 1 in Short Blades
  1232 | D:2      | Reached skill level 1 in Long Blades
  1232 | D:2      | Reached skill level 1 in Axes
  1232 | D:2      | Reached skill level 1 in Maces & Flails
  1232 | D:2      | Reached skill level 1 in Polearms
  1232 | D:2      | Reached skill level 1 in Staves
  1232 | D:2      | Reached skill level 1 in Slings
  1232 | D:2      | Reached skill level 1 in Bows
  1232 | D:2      | Reached skill level 1 in Crossbows
  1232 | D:2      | Reached skill level 1 in Throwing
  1232 | D:2      | Reached skill level 1 in Armour
  1232 | D:2      | Reached skill level 1 in Stealth
  1232 | D:2      | Reached skill level 1 in Shields
  1232 | D:2      | Reached skill level 1 in Evocations
  1240 | D:2      | Reached XP level 4. HP: 22/34 MP: 11/11
  1820 | D:3      | Reached skill level 1 in Conjurations
  1820 | D:3      | Reached skill level 1 in Hexes
  1820 | D:3      | Reached skill level 1 in Charms
  1820 | D:3      | Reached skill level 1 in Summonings
  1820 | D:3      | Reached skill level 1 in Necromancy
  1820 | D:3      | Reached skill level 1 in Translocations
  1820 | D:3      | Reached skill level 1 in Fire Magic
  1820 | D:3      | Reached skill level 1 in Ice Magic
  1820 | D:3      | Reached skill level 1 in Air Magic
  1820 | D:3      | Reached skill level 1 in Earth Magic
  1820 | D:3      | Reached skill level 1 in Poison Magic
  1935 | D:3      | Noticed Terence
  1958 | D:3      | Killed Terence
  1958 | D:3      | Reached XP level 5. HP: 14/40 MP: 8/12
  1990 | D:3      | Learned a level 3 spell: Spider Form
  2337 | D:3      | Noticed a centaur
  2350 | D:3      | Killed a centaur
  2365 | D:3      | Reached XP level 6. HP: 32/47 MP: 13/13
  2522 | D:3      | Noticed Jessica
  2533 | D:3      | Killed Jessica
  2702 | D:4      | Noticed Sigmund
  2710 | D:4      | Killed Sigmund
  2710 | D:4      | Reached skill level 5 in Dodging
  2930 | D:4      | Reached XP level 7. HP: 15/52 MP: 15/15
  3145 | D:4      | Found Taeklaq's Jewellery Boutique.
  3302 | D:4      | Learned a level 4 spell: Ice Form
  3308 | D:4      | Learned a level 5 spell: Blade Hands
  3505 | D:4      | Noticed Menkaure
  3525 | D:4      | Killed Menkaure
  3525 | D:4      | Reached skill level 7 in Unarmed Combat
  3935 | D:5      | Entered Level 5 of the Dungeon
  4125 | D:5      | Reached XP level 8. HP: 55/60 MP: 16/16
  4487 | D:5      | Found a hide-covered altar of Uskayaw.
  4619 | D:5      | Found a burning altar of Makhleb.
  4619 | D:5      | Found a shimmering altar of Xom.
  5113 | D:5      | Found a hazy altar of Hepliaklqana.
  5691 | D:6      | Found Akhy's Gadget Emporium.
  5869 | D:6      | Found Xeuwk's Weapon Emporium.
  5940 | D:6      | Found Ykant's Antique Weapon Emporium.
  5965 | D:6      | Found Kawk's Jewellery Boutique.
  6040 | D:6      | Found Iwkenk's General Store.
  6053 | D:6      | Bought a potion of heal wounds for 65 gold pieces
  6107 | D:6      | Found an opulent altar of Gozag.
  6337 | D:7      | Noticed Harold
  6443 | D:7      | Reached skill level 5 in Transmutations
  6443 | D:7      | Reached XP level 9. HP: 66/66 MP: 18/18
  6498 | D:7      | Noticed Pikel
  6518 | D:7      | Killed Pikel
  6593 | D:7      | Reached skill level 5 in Fighting
  6888 | D:7      | Found a staircase to the Ecumenical Temple.
  6904 | Temple   | Entered the Ecumenical Temple
  6957 | D:7      | Found a faded altar of an unknown god.
  6957 | D:7      | Found a sparkling altar of Nemelex Xobeh.
  6962 | D:7      | Found a shattered altar of Ashenzari.
  6964 | D:7      | Found an iron altar of Okawaru.
  6965 | D:7      | Found a snail-covered altar of Cheibriados.
  6970 | D:7      | Became a worshipper of Cheibriados the Contemplative
  6985 | D:7      | Learned a level 4 spell: Sticky Flame
  7004 | D:7      | Noticed Duvessa
  7005 | D:7      | Noticed Dowan
  7022 | D:7      | Killed Duvessa
  7031 | D:7      | Reached skill level 8 in Unarmed Combat
  7041 | D:7      | Killed Dowan
  7281 | D:7      | Killed Harold
  7281 | D:7      | Reached skill level 5 in Invocations
  7514 | D:8      | Found a staircase to the Lair.
  7514 | D:8      | Noticed a death yak
  7514 | D:8      | Noticed a death yak
  7515 | D:8      | Noticed a death yak
  7630 | D:8      | Got a jewelled hunting sling
  7673 | D:8      | Reached XP level 10. HP: 71/74 MP: 20/20
  7674 | D:8      | Identified the cursed +0 hunting sling of Niegg {freeze, rElec} (You found it on level 8 of the Dungeon)
  7730 | D:8      | Reached * piety under Cheibriados
  8249 | D:8      | Found a glowing golden altar of the Shining One.
  8259 | D:8      | Reached skill level 5 in Short Blades
  8259 | D:8      | Reached skill level 5 in Long Blades
  8259 | D:8      | Reached skill level 5 in Axes
  8259 | D:8      | Reached skill level 5 in Maces & Flails
  8259 | D:8      | Reached skill level 5 in Polearms
  8259 | D:8      | Reached skill level 5 in Staves
  8259 | D:8      | Reached skill level 5 in Slings
  8259 | D:8      | Reached skill level 5 in Bows
  8259 | D:8      | Reached skill level 5 in Crossbows
  8259 | D:8      | Reached skill level 5 in Throwing
  8259 | D:8      | Reached skill level 5 in Armour
  8259 | D:8      | Reached skill level 5 in Stealth
  8259 | D:8      | Reached skill level 5 in Shields
  8259 | D:8      | Reached skill level 5 in Evocations
  8814 | D:9      | Reached ** piety under Cheibriados
  8827 | D:9      | Noticed Prince Ribbit
  8840 | D:9      | Killed Prince Ribbit
  8915 | D:9      | Found Fewe's Magic Scroll Shoppe.
  9434 | D:9      | Found a white marble altar of Elyvilon.
  9534 | D:9      | Found a basalt altar of Yredelemnul.
  9625 | D:10     | Entered Level 10 of the Dungeon
  9729 | D:10     | Noticed a deep elf mage
  9737 | D:10     | Killed a deep elf mage
  9934 | D:10     | Learned a level 1 spell: Apportation
  9963 | D:10     | Reached *** piety under Cheibriados
 10267 | D:10     | Reached XP level 11. HP: 82/82 MP: 22/22
 10627 | D:11     | Noticed a purple ugly thing
 10635 | D:11     | Killed a purple ugly thing
 10647 | D:11     | Reached **** piety under Cheibriados
 11084 | D:11     | Found a hide-covered altar of Uskayaw.
 11104 | D:11     | Noticed a two-headed ogre
 11118 | D:11     | Killed a two-headed ogre
 11118 | D:11     | Reached skill level 9 in Unarmed Combat
 11118 | D:11     | Reached skill level 5 in Conjurations
 11118 | D:11     | Reached skill level 5 in Hexes
 11118 | D:11     | Reached skill level 5 in Charms
 11118 | D:11     | Reached skill level 5 in Summonings
 11118 | D:11     | Reached skill level 5 in Necromancy
 11118 | D:11     | Reached skill level 5 in Translocations
 11118 | D:11     | Reached skill level 5 in Fire Magic
 11118 | D:11     | Reached skill level 5 in Ice Magic
 11118 | D:11     | Reached skill level 5 in Air Magic
 11118 | D:11     | Reached skill level 5 in Earth Magic
 11118 | D:11     | Reached skill level 5 in Poison Magic
 11179 | D:11     | Noticed a white ugly thing
 11191 | D:11     | Killed a white ugly thing
 11545 | D:11     | Found a staircase to the Orcish Mines.
 11969 | Orc:1    | Entered Level 1 of the Orcish Mines
 11993 | Orc:1    | Found Torixas's Jewellery Shoppe.
 12017 | Orc:1    | Noticed a two-headed ogre
 12021 | Orc:1    | Killed a two-headed ogre
 12222 | Orc:1    | Noticed Josephine
 12653 | Orc:1    | Killed Josephine
 13009 | D:6      | Bought the ring of the Mage {Wiz MR++ Int+3} for 775 gold pieces
 13009 | D:6      | Found the ring of the Mage {Wiz MR++ Int+3}
 13181 | D:8      | Killed a death yak
 13181 | D:8      | Reached XP level 12. HP: 91/91 MP: 19/24
 13188 | D:8      | Killed a death yak
 13191 | D:8      | Killed a death yak
 13202 | D:8      | Identified Covu's Incunabulum of Boosting Creation
 13610 | D:12     | Noticed Urug
 13619 | D:12     | Killed Urug
 13698 | D:12     | You fall through a shaft!
 13707 | D:13     | Noticed an eight-headed hydra
 13786 | D:12     | Learned a level 5 spell: Fireball
 14055 | D:12     | You fall through a shaft for 2 floors!
 14055 | D:14     | Noticed Rupert
 14079 | D:14     | Mangled by a harpy simulacrum

Skill      XL: |  1  2  3  4  5  6  7  8  9 10 11 12 |
---------------+-------------------------------------+-----
Spellcasting   | 5 6 7 8 |  8.9
Invocations    | 1 2 3 4 5 6 7 |  7.9
Short Blades   | 1 2 3 4 5 6 7 |  7.2
Long Blades    | 1 2 3 4 5 6 7 |  7.2
Axes           | 1 2 3 4 5 6 7 |  7.2
Maces & Flails | 1 2 3 4 5 6 7 |  7.2
Polearms       | 1 2 3 4 5 6 7 |  7.2
Staves         | 1 2 3 4 5 6 7 |  7.2
Slings         | 1 2 3 4 5 6 7 |  7.2
Bows           | 1 2 3 4 5 6 7 |  7.2
Crossbows      | 1 2 3 4 5 6 7 |  7.2
Throwing       | 1 2 3 4 5 6 7 |  7.2
Armour         | 1 2 3 4 5 6 7 |  7.2
Stealth        | 1 2 3 4 5 6 7 |  7.2
Shields        | 1 2 3 4 5 6 7 |  7.2
Evocations     | 1 2 3 4 5 6 7 |  7.2
Conjurations   | 1 2 3 4 5 6 |  6.0
Hexes          | 1 2 3 4 5 6 |  6.0
Charms         | 1 2 3 4 5 6 |  6.0
Summonings     | 1 2 3 4 5 6 |  6.0
Necromancy     | 1 2 3 4 5 6 |  6.0
Translocations | 1 2 3 4 5 6 |  6.0
Fire Magic     | 1 2 3 4 5 6 |  6.0
Ice Magic      | 1 2 3 4 5 6 |  6.0
Air Magic      | 1 2 3 4 5 6 |  6.0
Earth Magic    | 1 2 3 4 5 6 |  6.0
Poison Magic   | 1 2 3 4 5 6 |  6.0
Fighting       | 3 4 5 6 7 |  7.7
Transmutations | 4 5 6 7 |  7.2
Dodging        | 5 6 7 8 |  8.6
Unarmed Combat | 7 8 9 |  9.8

Action                   |  1- 3 |  4- 6 |  7- 9 | 10-12 || total
-------------------------+-------+-------+-------+-------++-------
Melee: Whip              |    81 |   117 |   204 |   279 ||   681
       Punch             |     1 |     2 |     7 |    20 ||    30
       Bite              |     8 |    14 |    32 |    51 ||   105
       Unarmed           |       |    13 |   134 |   224 ||   371
 Cast: Sticks to Snakes  |       |    13 |    23 |    10 ||    46
       Spider Form       |       |     1 |     6 |    12 ||    19
       Ice Form          |       |       |     8 |     8 ||    16
       Apportation       |       |       |       |     4 ||     4
       Blade Hands       |       |       |       |     7 ||     7
       Fireball          |       |       |       |     2 ||     2
Invok: Slouch            |       |       |       |     2 ||     2
 Abil: End Transformatio |       |       |     2 |     6 ||     8
Evoke: Lightning rod     |       |       |       |     5 ||     5
       Lamp of fire      |       |       |       |     2 ||     2
       Wand              |       |       |       |     1 ||     1
  Use: Scroll            |       |    10 |     8 |     8 ||    26
 Stab: Sleeping          |     7 |     5 |     6 |    10 ||    28
       Distracted        |       |       |     2 |     4 ||     6
       Invisible         |       |       |     1 |       ||     1
  Eat: Chunk             |     1 |     6 |    11 |     6 ||    24
       Ration            |       |       |     2 |     2 ||     4
Armor: Robe              |    19 |    23 |    43 |    75 ||   160
       Skin              |       |     3 |    16 |    18 ||    37
Dodge: Dodged            |    65 |   101 |   249 |   466 ||   881
